 Dungeon Crawl Stone Soup version 0.19.1 (webtiles) character file.

217 Banto the Insei (level 5, -4/44 HPs)
             Began as a Naga Transmuter on Dec 13, 2016.
             Slain by an orc
             ... wielding a +0 hand axe
              (7 damage)
             ... on level 4 of the Dungeon.
             The game lasted 00:03:32 (2133 turns).

Banto the Insei (Naga Transmuter)                   Turns: 2133, Time: 00:03:33

Health: -4/44      AC:  2    Str: 12    XL:     5   Next: 94%
Magic:  7/8        EV: 10    Int: 16    God:
Gold:   107        SH:  0    Dex: 12    Spells: 3 memorised, 1 level left

rFire  . . .     SeeInvis +       - Unarmed
rCold  . . .     Gourm    .     b - +0 robe
rNeg   . . .     Faith    .     (no shield)
rPois  +         Spirit   .     (no helmet)
rElec  .         Reflect  .     (no cloak)
rCorr  .         Harm     .     (no gloves)
MR     .....                    (no barding)
Stlth  +.........               (no amulet)
                                (no ring)
                                j - +2 ring of intelligence

@: short of breath, appendage, very slightly contaminated, very slow
A: horns 2, see invisible, deformed body, poison resistance, slowness 2, slow
metabolism 1, spit poison 1, AC +1
a: Spit Poison, End Transformation


You were on level 4 of the Dungeon.
You were not hungry.
You had grown temporary horns.
You visited 1 branch of the dungeon, and saw 4 of its levels.

You collected 107 gold pieces.

Inventory:

Missiles
 a - 52 arrows
Armour
 b - a +0 robe (worn)
Jewellery
 j - a +2 ring of intelligence (left hand)
Scrolls
 l - a scroll of remove curse
Potions
 e - a potion of cancellation
 i - 2 potions of cure mutation
 k - a potion of agility
Books
 c - a book of Changes

   Spells                             Type                      Level
   a - Beastly Appendage              Transmutation                1
   b - Sticks to Snakes               Transmutation                2
   c - Spider Form                    Transmutation/Poison         3
   d - Ice Form                       Ice/Transmutation            4
   e - Blade Hands                    Transmutation                5
Comestibles
 d - a bread ration
 g - a beef jerky


   Skills:
 - Level 1.0 Fighting
 - Level 1.5 Dodging
 + Level 4.9 Unarmed Combat
 - Level 2.0 Spellcasting
 + Level 4.4 Transmutations


You had one spell level left.
You knew the following spells:

 Your Spells              Type           Power        Failure   Level  Hunger
a - Beastly Appendage     Tmut           ###...       4%          1    #......
b - Sticks to Snakes      Tmut           ###.....     8%          2    ###....
c - Ice Form              Ice/Tmut       #.......     85%         4    #####..


Dungeon Overview and Level Annotations

Branches:
Dungeon (4/15)
 Temple: D:4-7

Altars:


Innate Abilities, Weirdness & Mutations

You cannot wear boots.
Your serpentine skin is tough. (AC +1)
You have supernaturally acute eyesight. (SInv)
Armour fits poorly on your strangely shaped body.
Your system is resistant to poisons. (rPois)
You cover ground very slowly.
You have a slow metabolism.
You can spit poison.
You have a pair of horns on your head.


Message History

The orc is almost dead.
The orc hits you with a hand axe!
* * * LOW HITPOINT WARNING * * *
You take 8 damage, and have 3/44 hp.
You barely miss the orc.
The orc is almost dead.
You have got your breath back.
Press: ? - help, Shift-Dir - straight line, f - orc
Aim: an orc, wielding a hand axe and wearing a leather armour (almost dead)
The splash of poison misses the orc.
You feel slightly more hungry. The orc closely misses you.
Unknown command.
Unknown command.
You hit the orc but do no damage. Your headbutt misses the orc.
The orc is almost dead.
You feel yourself slow down.
You barely miss the orc. Your headbutt misses the orc.
The orc is almost dead.
The orc hits you with a hand axe!
You die...

### .. ...
#.# .... ..
...
#.#####.#####
#...........#
#)รท........#
#.@........#
#..o.......#
#..^.....[.#
#..........#
#.........$#
#..........#
#.(>.......#
#..........#
############


You could see an orc.

Vanquished Creatures
  2 orc priests (D:3)
  Natasha (thrice) (D:2)
  3 adders
  A dart slug (D:1)
  3 orcs
  2 giant cockroaches
  10 goblins
  9 hobgoblins
  3 jackals (D:2)
  A quokka (D:3)
  6 bats
  A frilled lizard (D:1)
  4 kobolds
  6 rats
54 creatures vanquished.

Notes
Turn   | Place    | Note
-------+----------+-------------------------------------------
     0 | D:1      | Banto the Naga Transmuter began the quest for the Orb.
     0 | D:1      | Reached XP level 1. HP: 18/18 MP: 3/3
   148 | D:1      | Reached XP level 2. HP: 25/25 MP: 5/5
   543 | D:1      | Reached XP level 3. HP: 30/31 MP: 6/6
   596 | D:1      | Learned a level 2 spell: Sticks to Snakes
   824 | D:2      | Noticed Natasha
   830 | D:2      | Killed Natasha
   851 | D:2      | Noticed Natasha
   866 | D:2      | Reached XP level 4. HP: 15/38 MP: 7/7
   868 | D:2      | Killed Natasha
  1038 | D:2      | Noticed Natasha
  1045 | D:2      | Killed Natasha
  1142 | D:2      | Reached XP level 5. HP: 43/44 MP: 6/8
  1352 | D:2      | Learned a level 4 spell: Ice Form
  1543 | D:2      | You fall through a shaft!
  2133 | D:4      | Slain by an orc

Skill      XL: |  1  2  3  4  5 |
---------------+----------------+-----
Transmutations | 3 4 |  4.4
Unarmed Combat | 4 |  4.9
Fighting       | |  1.0
Dodging        | |  1.5
Spellcasting   | |  2.0

Action                   |  1- 3 |  4- 6 || total
-------------------------+-------+-------++-------
Melee: Unarmed           |    68 |    77 ||   145
       Punch             |     2 |       ||     2
       Headbutt          |     2 |     8 ||    10
 Cast: Beastly Appendage |     2 |     7 ||     9
 Abil: Spit Poison       |    16 |    18 ||    34
  Use: Scroll            |     1 |     4 ||     5
       Potion            |       |     1 ||     1
 Stab: Sleeping          |     2 |     1 ||     3
  Eat: Chunk             |       |     5 ||     5
Armor: Robe              |    10 |    12 ||    22
Dodge: Dodged            |    32 |    36 ||    68

Table legend:
 A = Turns spent in this place as a percentage of turns spent in the entire game.
 B = Non-inter-level travel turns spent in this place as a percentage of non-inter-level travel turns spent in the entire game.
 C = Inter-level travel turns spent in this place as a percentage of turns spent in this place.
 D = Turns resting spent in this place as a percentage of non-inter-level travel turns spent in this place.
 E = Turns spent auto-exploring this place as a percentage of non-inter-level travel turns spent in this place.
 F = Non-inter-level travel turns spent in this place divided by the number of levels of this place that you've seen.
                   A       B       C       D       E      F
               +-------+-------+-------+-------+-------+----------------------
         Total | 100.0 | 100.0 |   0.2 |   4.5 |  12.3 | 161.0
       Dungeon | 100.0 | 100.0 |   0.2 |   4.5 |  12.3 | 161.0
               +-------+-------+-------+-------+-------+----------------------

Table legend:
 A = Kills in this place as a percentage of kills in entire the game.
 B = Kills by you in this place as a percentage of kills by you in the entire game.
 C = Kills by friends in this place as a percentage of kills by friends in the entire game.
 D = Other kills in this place as a percentage of other kills in the entire game.
 E = Experience gained in this place as a percentage of experience gained in the entire game.
 F = Experience gained in this place divided by the number of levels of this place that you have seen.
                   A       B       C       D       E      F
               +-------+-------+-------+-------+-------+----------------------
         Total | 100.0 | 100.0 |  -nan |  -nan | 100.0 |  77.5
       Dungeon | 100.0 | 100.0 |  -nan |  -nan | 100.0 |  77.5
               +-------+-------+-------+-------+-------+----------------------
